Map: Acropolis LE

Players

Mez - Winner!

  • Race: Terran Terran
  • League: Master
  • Spawn Location: 5:00

IRoH

  • Race: Zerg Zerg
  • League: Master
  • Spawn Location: 11:00

VOD

Have the link to the VOD?

Description

Time

  • Played on: Aug. 22, 2019, 7:29 p.m.
  • Length: 12:52
Show
View Real Time Build Order
Export as new Build Order

Mez Terran - Winner!

Build Orders: Reaper Expand 

Get SALT Encoding   

  12  0:01  SCV  
  13  0:13  SCV  
  14  0:17  Supply Depot  
  14  0:25  SCV  
  15  0:38  SCV  
  15  0:40  Barracks  
  16  0:44  Refinery  
  16  0:52  SCV  
  17  1:06  SCV  
  18  1:18  SCV  
  19  1:28  Reaper  
  19  1:30  Orbital Command  
  20  1:40  Command Center  
  20  1:48  Supply Depot  
  20  1:57  SCV  
  20  2:00  Marine  
  22  2:12  SCV  
  22  2:14  Factory  
  23  2:17  Refinery  
  23  2:22  Marine  
  24  2:29  Bunker  
  23  2:46  Marine  
  23  3:02  SCV  
  23  3:04  Marine, Factory Tech Lab  
  25  3:25  Cyclone  
  25  3:26  Barracks Reactor  
  28  3:27  Orbital Command  
  28  3:29  SCV  
  29  3:37  Starport  
  28  3:47  SCV  
  28  4:02  Cyclone  
  28  4:03  Marine x2  
  28  4:06  SCV x2  
  30  4:12  Liberator  
  26  4:27  Starport Tech Lab  
  26  4:32  SCV x2  
  28  4:44  SCV  
  29  4:55  SCV  
  29  4:59  Hellion x2  
  34  5:00  Marine  
  34  5:01  Stimpack  
  34  5:04  SCV  
  36  5:15  SCV  
  36  5:16  SCV  
  36  5:21  Starport Reactor  
  38  5:27  SCV  
  41  5:28  SCV, Hellion  
  41  5:29  Hellion  
  44  5:41  SCV x2  
  46  5:49  Command Center  
  46  5:53  Supply Depot  
  46  5:56  Supply Depot  
  46  6:01  SCV  
  45  6:05  SCV  
  46  6:13  SCV  
  46  6:16  Starport Reactor, Factory Reactor  
  44  6:21  Barracks  
  44  6:23  Barracks  
  42  6:26  SCV x2  
  43  6:36  Marine  
  43  6:38  SCV x2  
  39  6:50  SCV x2  
  39  6:54  Marine  
  39  6:59  Medivac x2  
  44  7:02  SCV x2  
  44  7:03  Engineering Bay  
  44  7:05  Factory Tech Lab, Engineering Bay  
  46  7:09  Orbital Command  
  46  7:14  SCV x2  
  48  7:15  Marine  
  48  7:16  Marine x4  
  53  7:27  Siege Tank  
  56  7:33  Marine x2  
  56  7:35  SCV x3  
  61  7:38  Marine x3  
  61  7:39  Refinery x2  
  61  7:41  Terran Infantry Armor Level 1, Terran Infantry Weapons Level 1  
  64  7:49  Combat Shield  
  64  7:51  Marine x2, SCV x2  
  64  7:52  SCV  
  64  7:55  Supply Depot x2  
  64  7:57  Marine x3  
  72  8:00  Orbital Command  
  72  8:07  SCV x2  
  72  8:09  Marine  
  75  8:16  Supply Depot x2  
  75  8:17  Marine, Supply Depot  
  75  8:18  Marine x3  
  79  8:24  Barracks  
  79  8:25  Barracks, Medivac x2  
  86  8:35  Marine x2, SCV x2  
  86  8:36  SCV  
  86  8:39  Marine x2  
  93  8:50  Armory  
  93  8:51  Siege Tank  
  93  8:52  Marine  
  93  8:53  Marine  
  95  8:59  Marine x2  
  95  9:00  Marine  
  98  9:04  Medivac x2  
  98  9:05  SCV  
  98  9:06  SCV x2  
  105  9:10  Marine x2  
  105  9:12  Supply Depot  
  105  9:13  Marine  
  105  9:14  Marine x2, Supply Depot  
  105  9:16  Supply Depot  
  110  9:17  Marine x2  
  110  9:18  SCV  
  110  9:21  Marine  
  110  9:22  SCV x2  
  116  9:28  Marine  
  116  9:30  Marine, SCV  
  116  9:31  Marine  
  116  9:34  Marine x2  
  116  9:36  Marine x2, Siege Tank  
  116  9:37  Medivac x2  
  128  9:39  SCV x2  
  129  9:59  Marine x7  
  134  10:08  Siege Tank  
  134  10:09  Missile Turret  
  134  10:10  Factory  
  134  10:13  Barracks Reactor, Missile Turret  
  136  10:15  Missile Turret  
  136  10:16  Marine  
  136  10:17  Marine x2, Supply Depot  
  136  10:18  Supply Depot  
  139  10:29  Marine x2  
  141  10:38  Marine x5  
  138  10:44  Siege Tank  
  138  10:47  Marine x2  
  137  10:56  Marine x7  
  141  10:58  Factory Tech Lab  
  141  11:01  SCV x3, Factory  
  142  11:04  Marine  
  142  11:05  Marine  
  143  11:13  Marine x2  
  143  11:14  Marine  
  143  11:18  Marine x3, Siege Tank  
  148  11:23  SCV x2  
  148  11:24  SCV  
  154  11:31  Supply Depot  
  154  11:33  Supply Depot  
  154  11:34  Supply Depot  
  154  11:45  Marine  
  154  11:46  Marine x2  
  157  11:53  Marine x2, Factory Tech Lab, Siege Tank x2  
  165  11:54  Marine x3  
  165  11:57  Supply Depot  
  165  11:59  Supply Depot  
  167  12:10  Marine  
  167  12:11  Marine x4  
  171  12:25  Marine  
  171  12:26  Marine x3  
Show
View Real Time Build Order
Export as new Build Order

IRoH Zerg 

Build Orders: Pool First, Muta Ling Bane 

Get SALT Encoding   

  12  0:01  Drone  
  13  0:13  Overlord  
  13  0:17  Drone  
  14  0:31  Drone  
  14  0:32  Drone  
  14  0:35  Drone  
  17  0:37  Extractor  
  16  0:46  Drone  
  17  0:52  Spawning Pool  
  17  0:56  Drone  
  17  1:20  Hatchery  
  17  1:25  Drone  
  17  1:30  Drone  
  18  1:40  Zergling x4  
  18  1:46  Baneling Nest  
  19  1:49  Roach Warren  
  19  2:03  Queen, Drone  
  22  2:10  Overlord  
  22  2:32  Roach  
  22  2:33  Roach x2  
  27  2:41  Roach  
  28  2:46  Roach  
  28  2:49  Roach  
  32  2:59  Overlord  
  32  3:00  Queen  
  32  3:04  Ravager  
  32  3:05  Ravager  
  36  3:17  Overlord x2  
  36  3:28  Extractor  
  36  3:29  Ravager  
  37  3:40  Drone x6  
  41  4:02  Drone x2  
  36  4:18  Drone x2  
  35  4:30  Hatchery  
  34  4:32  Queen  
  34  4:33  Metabolic Boost, Drone x2  
  34  4:35  Overlord  
  34  4:38  Queen  
  37  4:43  Overlord  
  37  4:53  Zergling x10  
  42  5:01  Roach x2  
  42  5:03  Roach  
  42  5:06  Drone  
  49  5:10  Overlord  
  49  5:13  Drone  
  49  5:14  Drone  
  51  5:17  Drone  
  52  5:21  Lair  
  52  5:32  Drone x6  
  58  5:37  Extractor  
  58  5:41  Evolution Chamber x2  
  55  5:43  Drone x2  
  56  5:55  Drone x4  
  56  5:56  Spore Crawler  
  52  6:05  Zergling x4  
  50  6:12  Roach x3  
  55  6:18  Drone x2  
  55  6:19  Drone x2  
  59  6:29  Zergling x10  
  59  6:30  Drone  
  59  6:31  Drone  
  60  6:46  Drone x2  
  60  6:47  Drone x4  
  60  6:49  Extractor  
  60  6:50  Extractor  
  59  6:56  Drone x3  
  59  6:57  Queen  
  64  7:01  Zerg Ground Armor Level 1  
  64  7:05  Drone  
  64  7:06  Drone  
  64  7:07  Overlord  
  66  7:19  Overlord x2  
  66  7:25  Queen  
  66  7:29  Baneling Nest, Drone x5  
  73  7:30  Drone x2  
  74  7:46  Hatchery  
  73  7:57  Drone x6  
  73  7:58  Overlord  
  79  7:59  Zergling x10, Extractor x2  
  79  8:01  Zerg Melee Weapons Level 1  
  79  8:04  Drone  
  83  8:13  Centrifical Hooks  
  83  8:14  Spire  
  83  8:16  Drone x5  
  87  8:31  Overlord  
  87  8:34  Roach x5  
  94  8:37  Overlord  
  96  8:55  Overlord  
  96  8:56  Roach  
  96  8:57  Roach x7  
  96  9:01  Hatchery  
  96  9:02  Infestation Pit, Drone x2  
  112  9:08  Roach  
  112  9:09  Roach x3  
  120  9:10  Zerg Ground Armor Level 2  
  119  9:17  Overlord  
  119  9:20  Queen  
  119  9:21  Drone x4  
  124  9:30  Overlord x4  
  120  9:38  Glial Reconstitution  
  121  9:46  Zergling x2  
  121  9:47  Zergling x10  
  121  9:50  Overlord  
  121  9:52  Mutalisk x7  
  121  9:55  Drone  
  121  9:56  Drone  
  135  10:00  Drone x2  
  137  10:10  Hive  
  137  10:11  Drone x3  
  137  10:12  Drone x5  
  145  10:16  Baneling  
  145  10:19  Mutalisk x2  
  145  10:21  Zergling x6  
  152  10:31  Baneling x5  
  152  10:32  Baneling x4  
  127  10:43  Zergling x10  
  127  10:44  Zergling x16  
  128  10:50  Drone  
  128  10:51  Drone x2  
  128  10:52  Lair  
  128  10:56  Infestation Pit  
  117  10:58  Drone x2  
  117  11:02  Extractor x2, Drone x2  
  118  11:04  Spine Crawler  
  118  11:06  Ravager  
  118  11:07  Ravager  
  114  11:12  Drone x4  
  114  11:15  Drone  
  114  11:16  Baneling  
  115  11:19  Drone  
  115  11:22  Drone  
  117  11:31  Queen x2  
  117  11:32  Queen, Hatchery  
  122  11:46  Zergling x24  
  134  11:50  Baneling x5  
  133  12:06  Queen  
  133  12:07  Queen  
  137  12:12  Drone x7  
  131  12:17  Zergling x12  
Tags
 
Add a new tag
Caveats
  • Supply blocks, unpowered buildings, or Contaminate may cause inaccurate times.
  • Supply counts are checked every 10 seconds.